 Dungeon Crawl Stone Soup version 0.23-a0-300-g6719eeacba (webtiles) character file.

37 PikkenKukken the Ruffian (level 3, -3/36 HPs)
             Began as a Troll Fighter on Oct 7, 2018.
             Killed from afar by an orc wizard (5 damage)
             ... with a magic dart
             ... on level 1 of the Dungeon.
             The game lasted 00:01:24 (1027 turns).

PikkenKukken the Ruffian (Troll Fighter)            Turns: 1027, Time: 00:01:25

Health: -3/36      AC:  5    Str: 25    XL:     3   Next: 23%
Magic:  2/2        EV:  8    Int:  4    God:
Gold:   56         SH:  8    Dex:  9    Spells: 2/2 levels left

rFire    . . .     SeeInvis .     - Unarmed
rCold    . . .     Gourm    +   b - +0 shield
rNeg     . . .     Faith    .   a - +0 robe
rPois    .         Spirit   .   (helmet restricted)
rElec    .         Reflect  .   (no cloak)
rCorr    .         Harm     .   (gloves unavailable)
MR       .....                  (boots unavailable)
Stlth    +.........             (no amulet)
HPRegen  0.52/turn              (no ring)
MPRegen  0.08/turn              (no ring)

@: no status effects
A: large, unfitting armour, claws 3, fast metabolism 3, gourmand, regeneration
1, shaggy fur 1, tough skin 2
a: no special abilities


You were on level 1 of the Dungeon.
You were very full.

You visited 1 branch of the dungeon, and saw 2 of its levels.

You collected 56 gold pieces.

Inventory:

Armour
 a - a +0 robe (worn)
 b - a +0 shield (worn)
Jewellery
 h - an uncursed ring of magical power {unknown}
Potions
 c - a potion of might
 e - 2 potions of magic {unknown}
 g - a potion of berserk rage {unknown}
Comestibles
 d - 3 rations


   Skills:
 + Level 2.6 Fighting
 + Level 2.6 Dodging
 + Level 2.6 Shields
 * Level 2.8 Unarmed Combat


You had 2 spell levels left.
You didn't know any spells.
Your spell library was empty.

Dungeon Overview and Level Annotations

Branches:
Dungeon (2/15)

Altars:


Innate Abilities, Weirdness & Mutations

You are too large for most types of armour.
You have claws for hands.
Your metabolism is lightning-fast.
You like to eat raw meat.
Your natural rate of healing is unusually fast.
You are covered in fur. (AC +1)
You have very tough skin. (AC +2)


Message History

The orc wizard is severely wounded.
The orc wizard casts a spell at you. The puff of frost hits you!
* * * LOW HITPOINT WARNING * * *
The orc hits you with a dagger.
* * * LOW HITPOINT WARNING * * *
You barely miss the orc wizard.
The orc wizard is severely wounded.
The orc wizard barely misses you. The orc hits you with a dagger.
* * * LOW HITPOINT WARNING * * *
You closely miss the orc wizard.
The orc wizard is severely wounded.
The orc wizard hits you but does no damage.
You block the orc's attack. The orc wizard casts a spell at you.
The magic dart hits you!
* * * LOW HITPOINT WARNING * * *
The orc wizard points at you and mumbles some strange words.
The magic dart hits you!
You die...

#######################
#..............รท.......
#.##################### #.#
#.# #.#
#.#####################
#.....@................
#######..#########.....
########.................
#.....##.o.#######.......
#.....##..o#.............
####.......>................
#.............#.............
#.............#......##.....
#.......####..#......#######


You could see an orc wizard and an orc.

Vanquished Creatures
  2 dart slugs (D:1)
  A leopard gecko (D:1)
  4 giant cockroaches (D:1)
  6 goblins (D:1)
  3 hobgoblins (D:1)
  4 bats (D:1)
  3 frilled lizards (D:1)
  5 kobolds (D:1)
  A rat (D:1)
29 creatures vanquished.

Notes
Turn   | Place    | Note
-------+----------+-------------------------------------------
     0 | D:1      | PikkenKukken the Troll Fighter began the quest for the Orb.
     0 | D:1      | Reached XP level 1. HP: 22/22 MP: 0/0
   182 | D:1      | Reached XP level 2. HP: 29/29 MP: 1/1
   579 | D:1      | Reached XP level 3. HP: 36/36 MP: 2/2
  1024 | D:1      | HP: 1/36 [orc wizard/magic dart (5)]
  1027 | D:1      | Killed from afar by an orc wizard

Vault maps used:
D:1:      erik_arrival_blinker_ship, minmay_tetromino_o2
D:2:      grunt_temple_overflow_magic_moments, nrook_mini_backslash,
          trog_hazing_becter, uniq_sigmund

Action                   || total
-------------------------++-------
Melee: Unarmed           ||   104
  Use: Scroll            ||     2
  Eat: Chunk             ||    14
Armor: Robe              ||    50
Dodge: Dodged            ||    36
Block: Shield            ||    46

Table legend:
 A = Non-vault XP
 B = Vault XP
 C = Vault XP percentage of total XP
 D = Non-vault monster count
 E = Vault monster count
 F = Vault count percentage of total count
                 A         B        C        D         E       F
            +---------+---------+-------+---------+---------+-------
      Total |      52 |       2 |   3.7 |      28 |       1 |   3.4
            +---------+---------+-------+---------+---------+-------
        D:1 |      52 |       2 |   3.7 |      28 |       1 |   3.4
            +---------+---------+-------+---------+---------+-------
